AoeStats
← Xanmax

MegaRandom

506788196Analyzed
1v1 RM · 17d ago on Sep 15, 2026· 40m 57s· 2 players
Game mode
Random Map
Map size
Tiny (2 player)
Population
200
Speed
Normal
Resources
Standard
Victory
Conquest
Starting age
Dark Age
Ending age
Imperial Age
RankedLock teamsTeams togetherTeam positionsShared explorationLock speedFull tech treeHidden civsTurbo modeCheats
Victory
Defeat
🇲🇽 Malay · Mexico
1376
+13
🇨🇱 Khmer · Chile
1308
-13
RyKer
0:34 Loom
14:15 Feudal Age
14:48 Double-Bit Axe
15:16 Horse Collar
20:05 Castle Age
18:52 Stone Mining
19:42 Gold Mining
21:07 Wheelbarrow
20:17 Town Watch
20:57 Bow Saw
20:50 Heavy Plow
29:00 Gold Shaft Mining
32:59 Imperial Age
36:25 Chemistry
37:07 Siege Engineers
Xanmax
5:44 Loom
10:45 Feudal Age
10:41 Double-Bit Axe
19:30 Castle Age
17:50 Gold Mining
20:22 Forging
20:43 Husbandry
23:09 Iron Casting
22:34 Horse Collar
24:35 Devotion
24:51 Heavy Plow
24:58 Light Cavalry
26:31 Town Watch
30:01 Wheelbarrow
30:11 Wheelbarrow
32:10 Imperial Age
30:44 Fletching
30:55 Arson
31:11 Squires
32:02 Gold Shaft Mining
31:19 Stone Mining
31:58 Conscription
33:17 Blast Furnace
32:46 Bodkin Arrow
34:05 Elite Karambit Warrior
35:27 Scale Barding Armor
37:12 Siege Engineers
37:44 Onager
39:11 Hand Cart
41:05 Chemistry
Connection lost

Rejoining the realm…

Still unreachable

The connection could not be restored.

Session expired

The server has moved on; the page needs a fresh start.